 Dungeon Crawl Stone Soup version 0.28.0-53-g5a82cb258f (webtiles) character file.

Game seed: 11289778790143629782

123 bigairbonus the Slasher (level 4, -7/37 HPs)
             Began as a Demonspawn Berserker on Nov 12, 2022.
             Was a Believer of Trog.
             Succumbed to an orc wizard's poison
             ... on level 3 of the Dungeon.
             The game lasted 00:09:28 (1645 turns).

bigairbonus the Slasher (Demonspawn Berserker)      Turns: 1645, Time: 00:09:29

Health: -7/37      AC: 11    Str: 21    XL:     4   Next: 79%
Magic:  4/4        EV: 10    Int:  9    God:    Trog [**....]
Gold:   146        SH:  0    Dex: 12    Spells: 3/3 levels left

rFire   x . .      SeeInvis .   i - +0 great sword (protect)
rCold   + + .      Faith    .   (shield currently unavailable)
rNeg    + . .      Spirit   .   c - +1 ice dragon scales
rPois   .          Reflect  .   (helmet restricted)
rElec   .          Harm     .   (no cloak)
rCorr   .          Rampage  .   (no gloves)
Will    .....                   (no boots)
Stlth   ..........              (no amulet)
HPRegen 0.12/turn               d - ring of positive energy
MPRegen 0.09/turn               (no ring)

@: lethally poisoned (-7 -> -33)
A: claws 2, antennae 1, strong 1, inability to read while threatened
a: Renounce Religion, Berserk, Trog's Hand


You were on level 3 of the Dungeon.
You worshipped Trog.
Trog was pleased with you.
You visited 1 branch of the dungeon, and saw 3 of its levels.

You collected 146 gold pieces.

Inventory:

Hand Weapons
 a - a +0 falchion
 g - a +3 short sword
 i - a +0 great sword of protection (weapon)
Armour
 b - a +0 animal skin
 c - +1 ice dragon scales (worn)
 h - a +0 helmet
Jewellery
 d - a ring of positive energy (left claw)
Wands
 f - a wand of polymorph (11)
Scrolls
 e - a scroll of identify


   Skills:
 + Level 3.7 Fighting
 + Level 4.0 Long Blades
 + Level 2.5 Armour
 + Level 2.1 Dodging


You had 3 spell levels left.
You didn't know any spells.
Your spell library was empty.

Dungeon Overview and Level Annotations

Branches:
Dungeon (3/15)

Altars:

Shops:
D:1 !


Innate Abilities, Weirdness & Mutations

You have very sharp fingernails.
You have a pair of small antennae on your head.
Your muscles are strong. (Str +2)
You sometimes lose the ability to read scrolls when taking damage.


Message History

The orc wizard flickers and vanishes!
Deactivating autopickup; reactivate with Ctrl-A.
The orc priest completely misses you.
You hit the orc priest but do no damage.
Your weapon exudes an aura of protection.
The orc priest hits you but does no damage.
You hit the orc priest but do no damage.
The orc priest invokes the aid of Beogh against you.
You barely resist. The orc priest closely misses you.
You hit the orc priest but do no damage.
The orc priest closely misses you.
You slash the orc priest!
The orc priest is almost dead.
The orc priest hits you but does no damage. x2
You barely miss the orc priest.
The orc priest is severely wounded.
The orc priest miscasts a cantrip.
An orc comes into view. It is wielding a +0 mace.
You slash the orc priest!
You kill the orc priest!
Trog accepts your kill. Something hits you.
You are poisoned.
Your Long Blades skill increases to level 4!
You barely miss something.
You feel very sick. Something hits you but does no damage.
You completely miss something.
You feel very sick. Something hits you but does no damage.
You are lethally poisoned!
Something hits you but does no damage.
You are more poisoned.
You miss something.
* * * LOW HITPOINT WARNING * * *
You feel extremely sick. Something hits you but does no damage.
You are more poisoned.
You miss something.
You die...

#.........#
..####'######
#.#....#
#.#.#######
#.#.##....#
#.#.##.##.#
#o#.##.##.#
#{#....##.####
#@#######....#
#..)..######.#
#####....#...#
####†#.###
#.#.# #.#†#
#[#.# #...###
#####.....#


You could see an orc.

Vanquished Creatures
  An orc priest (D:3)
  An orc wizard (D:3)
  A dart slug (D:1)
  6 orcs (D:3)
  6 ball pythons (D:1)
  4 endoplasms
  2 giant cockroaches
  6 goblins
  4 hobgoblins
  7 kobolds
  3 quokkas
  3 bats
  11 frilled lizards (D:3)
  4 rats
59 creatures vanquished.

Vanquished Creatures (others)
  5 plants (D:3)
5 creatures vanquished.

Grand Total: 64 creatures vanquished

Notes
Turn   | Place    | Note
-------+----------+-------------------------------------------
     0 | D:1      | bigairbonus the Demonspawn Berserker began the quest for
                  | the Orb.
     0 | D:1      | Reached XP level 1. HP: 18/18 MP: 1/1
    90 | D:1      | Gained mutation: You have sharp fingernails. [demonic
                  | ancestry]
    90 | D:1      | Reached XP level 2. HP: 4/24 MP: 2/2
   183 | D:1      | Identified a scroll of acquirement
   183 | D:1      | Acquired +1 ice dragon scales
   274 | D:1      | Found Ruepizex's Distillery.
   298 | D:1      | Reached skill level 3 in Long Blades
   537 | D:1      | Reached ** piety under Trog
   538 | D:1      | Gained mutation: You have very sharp fingernails. [demonic
                  | ancestry]
   538 | D:1      | Reached XP level 3. HP: 20/29 MP: 3/3
  1234 | D:2      | Gained mutation: You sometimes lose the ability to read
                  | scrolls when taking damage. [potion of mutation]
  1234 | D:2      | Gained mutation: Your muscles are strong. (Str +2) [potion
                  | of mutation]
  1234 | D:2      | Gained mutation: You have a pair of small antennae on your
                  | head. [potion of mutation]
  1594 | D:3      | Reached XP level 4. HP: 35/35 MP: 4/4
  1642 | D:3      | Reached skill level 4 in Long Blades
  1644 | D:3      | HP: 1/37 [poisoned by an orc wizard]
  1645 | D:3      | Succumbed to an orc wizard's poison

Illustrated notes

Levels and vault maps discovered:
D:1:      psy_arrival_dodecagon, layout_rooms, serial_glass, glass_columns_a,
          glass_columns_b, due_unseen_surprise, item_on_display_a, serial_shops,
          shop
D:2:      layout_loops_ring
D:3:      layout_basic, shapermc_ecumenical_altar_mp_urbaneastern,
          ebering_ghost_gozag, minmay_lizard_king

Skill      XL: |  1  2  3  4 |
---------------+-------------+-----
Armour         | 2 |  2.5
Long Blades    | 3 4 |  4.0
Dodging        | 2 |  2.1
Fighting       | |  3.7

Action                   |  1- 3 |  4- 6 || total
-------------------------+-------+-------++-------
Melee: Falchion          |   158 |    16 ||   174
       Great sword       |       |    10 ||    10
Invok: Berserk           |     1 |       ||     1
  Use: Scroll            |     3 |       ||     3
       Potion            |     5 |       ||     5
Armor: Animal skin       |     4 |       ||     4
       Ice dragon scales |    88 |    15 ||   103
Dodge: Dodged            |   103 |     3 ||   106
